 Dungeon Crawl Stone Soup version 0.22.0-49-gab54619674 (webtiles) character file.

16779 Gunterle the Cleaver (level 12, -9/97 HPs)
             Began as a Mummy Fighter on Sept 3, 2018.
             Was an Initiate of Gozag.
             Killed from afar by an orc sorcerer (52 damage)
             ... with a bolt of fire
             ... led by an orc knight
             ... on level 10 of the Dungeon.
             The game lasted 01:17:01 (19795 turns).

Gunterle the Cleaver (Mummy Fighter)               Turns: 19795, Time: 01:17:08

Health: -9/97      AC: 18    Str: 24    XL:     12   Next: 13%
Magic:  12/12      EV:  8    Int:  8    God:    Gozag
Gold:   154        SH:  9    Dex: 11    Spells: 11/11 levels left

rFire    x . .     SeeInvis +   a - +1 war axe
rCold    + . .     Gourm    .   c - +0 shield
rNeg     + + +     Faith    .   H - +3 chain mail
rPois    ∞         Spirit   .   i - +2 hat
rElec    .         Reflect  .   n - +1 cloak
rCorr    .         Harm     .   (no gloves)
MR       +....                  (no boots)
Stlth    ..........             N - amulet of magic regeneration
HPRegen  0.26/turn              e - +2 ring of evasion
MPRegen  0.38/turn              C - ring of see invisible

@: no status effects
A: no food or potions, fire vulnerability, cold resistance 1, negative energy
resistance 3, torment resistance, unbreathing
a: Potion Petition, Call Merchant, Bribe Branch, Renounce Religion


You were on level 10 of the Dungeon.
You worshipped Gozag.
Gozag was aware of your devotion.
You were not hungry.

You visited 3 branches of the dungeon, and saw 14 of its levels.
You also visited: Sewer and Ossuary.

You collected 1735 gold pieces.
You spent 976 gold pieces at shops.
You paid 605 gold pieces to Gozag.

Inventory:

Hand Weapons
 a - a +1 war axe (weapon)
 d - the +6 battleaxe "Nealis" {chop, rC+}
   (You bought it in a shop on level 9 of the Dungeon)

   It inflicts extra damage upon your enemies.
   It protects you from cold.
 w - a +0 whip of freezing
 K - the +5 whip of a treasure trove {slash, Str+3}
   (You bought it in a shop on level 6 of the Dungeon)

   It inflicts extra damage upon your enemies.
   It affects your strength (+3).
 R - the +6 hand crossbow "Xiub" {freeze, rPois}
   (You bought it in a shop on level 9 of the Dungeon)

   It causes projectiles fired from it to freeze those they strike, causing
   extra injury to most foes and up to half again as much damage against
   particularly susceptible opponents.
   They can also slow down cold-blooded creatures.
   It protects you from poison.
Missiles
 j - 3 bolts
 k - 6 silver javelins
 l - 2 tomahawks (quivered)
Armour
 c - a +0 shield (worn)
 i - a +2 hat (worn)
 n - a +1 cloak (worn)
 t - a +0 scale mail of magic resistance
 H - a +3 chain mail (worn)
Jewellery
 b - an uncursed ring of resist corrosion
 e - a +2 ring of evasion (left hand)
 C - a ring of see invisible (right hand)
 E - an uncursed ring of ice
 N - an amulet of magic regeneration (around neck)
Wands
 f - a wand of clouds (4)
 v - a wand of paralysis (43)
 D - a wand of polymorph (26)
 G - a wand of random effects (23)
 I - a wand of digging (9)
 Q - a wand of acid (8)
Scrolls
 g - 11 scrolls of remove curse
 h - a scroll of teleportation
 z - 2 scrolls of identify
 J - a scroll of magic mapping
 M - a scroll of immolation
Miscellaneous
 P - a phantom mirror


   Skills:
 + Level 9.9 Fighting
 * Level 11.2 Axes
 + Level 5.9 Crossbows
 + Level 8.3 Armour
 - Level 2.4 Shields


You had 11 spell levels left.
You didn't know any spells.
Your spell library contained the following spells:

 Spells                   Type           Power        Failure   Level  Hunger
 Animate Skeleton         Necr           N/A          100%        1    N/A
 Apportation              Tloc           #.....       100%        1    N/A
 Confusing Touch          Hex            #.....       100%        1    N/A
 Corona                   Hex            #......      100%        1    N/A
 Magic Dart               Conj           #...         100%        1    N/A
 Summon Small Mammal      Summ           #...         100%        1    N/A
 Ensorcelled Hibernation  Hex/Ice        #.....       100%        2    N/A
 Searing Ray              Conj           #.....       100%        2    N/A
 Confuse                  Hex            #.......     100%        3    N/A
 Dazzling Spray           Conj/Hex       #.....       100%        3    N/A
 Tukima's Dance           Hex            #.......     100%        3    N/A
 Force Lance              Conj/Tloc      #.......     100%        4    N/A
 Fulminant Prism          Conj/Hex       #.........   100%        4    N/A
 Iskenderun's Mystic Bla  Conj           #.......     100%        4    N/A

Dungeon Overview and Level Annotations

Branches:
Dungeon (12/15)            Temple (1/1) D:5            Lair (0/6) D:9
    Orc (1/2) D:10

Altars:
Ashenzari
Cheibriados
Dithmenos
Elyvilon
Fedhas
Gozag
Hepliaklqana
Kikubaaqudgha
Makhleb
Nemelex Xobeh
Okawaru
Qazlal
Ru
Sif Muna
Trog
Uskayaw
Vehumet
Wu Jian
Xom
Yredelemnul
Zin
The Shining One

Shops:
D:6 (   D:9 (


Innate Abilities, Weirdness & Mutations

You do not eat or drink.
Your flesh is vulnerable to fire.
You are immune to poison.
Your flesh is cold resistant. (rC+)
You are immune to negative energy. (rN+++)
You are immune to unholy pain and torment.
You can survive without breathing.


Message History

The orc sorcerer mumbles some strange words.
You block the ice devil's attack. The orange demon closely misses you.
You climb upwards.
Welcome back to the Dungeon!
The ice devil disappears in a puff of smoke!
The orange demon disappears in a puff of smoke!
The sixfirhy disappears in a puff of smoke!
There is a staircase to the Orcish Mines here.
You closely miss the orc sorcerer.
The orc sorcerer is almost dead.
The orc sorcerer hits you but does no damage.
You barely miss the orc sorcerer.
The orc sorcerer is severely wounded.
The orc sorcerer hits you but does no damage.
You hit the orc sorcerer.
The orc sorcerer is almost dead.
The orc sorcerer points at you and mumbles some strange words.
The bolt of fire hits you! The fire burns you terribly!
Ouch! That really hurt!
You die...
Your body crumbles into a pile of gold.

#'#####..##..#..###..##....###
......#..##.#..###........##
.>....#..##.###.)#####.####
......#..#.....##.#..##...#
......#%.##...#..#....#.#.#
......#####.......[##..####
.........####.[(#.#...#.#
########.# #.#[.##[###.###
#.####.?.@[........#
#.##.####)o..#.#..##
#.##..##."|##.##.#.##
#.#..##.##..#.#.##..#
#.##.......#.....#.##
#.####.!....##.##..#
#[#####.######.#.#.#
#.#.##..#.##.#.#.#.#
#....#[#...##....#.##


You could see an orc sorcerer.

Vanquished Creatures
  Josephine (D:10)
  3 two-headed ogres
  Urug (Orc:1)
  Nergalle (D:10)
  An orc knight (D:10)
  Pikel (D:4)
  A centaur skeleton (D:10)
  A komodo dragon (D:10)
  7 trolls
  A queen bee (D:11)
  A hornet (D:8)
  3 hippogriffs
  A spriggan (D:10)
  4 wraiths (D:10)
  2 wyverns
  4 yaks
  Menkaure (D:7)
  2 hungry ghosts (D:10)
  A warg (D:10)
  A water moccasin (D:10)
  2 porcupines (D:9)
  An eye of draining (D:10)
  7 orc warriors
  3 ice beasts
  A sky beast (D:8)
  3 phantoms
  3 ogres
  3 big kobolds
  Blork the orc (D:5)
  7 bullfrogs
  A wyvern zombie (D:7)
  15 scorpions
  A water moccasin skeleton (D:6)
  2 troll zombies (D:10)
  32 killer bees
  5 howler monkeys
  2 centaur zombies (Ossuary)
  6 crimson imps
  2 human zombies (Ossuary)
  A jelly (D:11)
  2 bullfrog skeletons
  5 orc priests
  3 hounds
  4 iguanas
  8 worker ants
  11 orc wizards
  Terence (D:3)
  A killer bee zombie (D:8)
  4 ogre zombies (D:10)
  A hound zombie (D:9)
  2 hound skeletons
  3 mummies (Ossuary)
  4 river rats (Sewer)
  2 scorpion zombies (Ossuary)
  18 adders
  2 shadow imps
  2 oozes (D:1)
  An adder skeleton (D:9)
  3 worms
  5 dart slugs
  4 leopard geckos
  50 orcs
  6 ball pythons
  7 giant cockroaches
  A gnoll zombie (Ossuary)
  10 goblins
  9 hobgoblins
  12 jackals
  5 quokkas
  10 bats
  3 frilled lizards
  A giant cockroach zombie (D:5)
  8 goblin zombies
  8 hobgoblin zombies
  25 kobolds
  2 kobold zombies (Ossuary)
  An orc skeleton (D:10)
  12 orc zombies
  32 rats
  3 fungi (D:9)
  A plant (D:9)
428 creatures vanquished.

Vanquished Creatures (others)
  An adder (D:4)
  A frilled lizard (D:4)
  2 fungi (D:9)
4 creatures vanquished.

Grand Total: 432 creatures vanquished

Notes
Turn   | Place    | Note
-------+----------+-------------------------------------------
     0 | D:1      | Gunterle the Mummy Fighter began the quest for the Orb.
     0 | D:1      | Reached XP level 1. HP: 18/18 MP: 1/1
   183 | D:1      | Reached XP level 2. HP: 21/24 MP: 2/2
   184 | D:1      | Reached skill level 2 in Axes
   451 | D:1      | Reached XP level 3. HP: 28/29 MP: 3/3
  1036 | D:2      | Found a sacrificial altar of Ru.
  1172 | D:2      | Reached XP level 4. HP: 23/35 MP: 4/4
  1629 | D:2      | Reached skill level 3 in Axes
  1874 | D:2      | Found a blossoming altar of Fedhas.
  2546 | D:3      | Found a shattered altar of Ashenzari.
  2592 | D:3      | Found a radiant altar of Vehumet.
  2855 | D:3      | Reached XP level 5. HP: 42/42 MP: 5/5
  2926 | D:3      | Noticed Terence
  2938 | D:3      | Killed Terence
  3254 | D:4      | Found a hide-covered altar of Uskayaw.
  3258 | D:4      | Noticed a dagger
  3258 | D:4      | Noticed a dagger
  3275 | D:4      | Found a glowing golden altar of the Shining One.
  3298 | D:4      | Found a stormy altar of Qazlal.
  3306 | D:4      | Noticed a slave
  3306 | D:4      | Noticed a slave
  3307 | D:4      | Noticed Pikel
  3308 | D:4      | Noticed a slave
  3309 | D:4      | Noticed a slave
  3319 | D:4      | Found a sand-covered staircase.
  3323 | Ossuary  | Entered an ossuary
  3485 | Ossuary  | Reached XP level 6. HP: 36/48 MP: 6/6
  3576 | Ossuary  | Reached skill level 4 in Axes
  4056 | Ossuary  | Reached XP level 7. HP: 50/55 MP: 7/7
  4091 | Ossuary  | Reached skill level 5 in Axes
  4124 | Ossuary  | Reached skill level 5 in Fighting
  4404 | D:4      | Killed Pikel
  4404 | D:4      | Reached skill level 6 in Axes
  4404 | D:4      | Reached XP level 8. HP: 45/64 MP: 8/8
  5027 | D:5      | Entered Level 5 of the Dungeon
  5136 | D:5      | Found a hazy altar of Hepliaklqana.
  5343 | D:5      | Found a snail-covered altar of Cheibriados.
  5390 | D:5      | Found a staircase to the Ecumenical Temple.
  5397 | Temple   | Entered the Ecumenical Temple
  5612 | D:5      | Reached skill level 5 in Armour
  5791 | D:5      | Noticed Blork the orc
  5795 | D:5      | Killed Blork the orc
  6375 | D:6      | Found a basalt altar of Yredelemnul.
  6387 | D:6      | Reached skill level 7 in Axes
  6513 | D:6      | Found a glowing drain.
  6522 | Sewer    | Entered a sewer
  6629 | Sewer    | Reached XP level 9. HP: 71/71 MP: 9/9
  7282 | D:6      | Found Ehokibar's Antique Weapon Boutique.
  7287 | D:6      | Bought a glowing hand crossbow for 156 gold pieces
  7373 | D:7      | Noticed Menkaure
  7394 | D:7      | Killed Menkaure
  7574 | D:7      | Reached skill level 1 in Crossbows
  7912 | D:7      | Found an ornate altar of the Wu Jian Council.
  8609 | D:8      | Reached skill level 8 in Axes
  9628 | D:9      | Noticed a troll
  9641 | D:9      | Killed a troll
  9951 | D:9      | Reached XP level 10. HP: 79/79 MP: 10/10
 10055 | D:9      | Found a staircase to the Lair.
 10409 | D:9      | Noticed a two-headed ogre
 10420 | D:9      | Killed a two-headed ogre
 10685 | D:9      | Reached skill level 9 in Axes
 10784 | D:9      | Found an opulent altar of Gozag.
 10785 | D:9      | Found a sparkling altar of Nemelex Xobeh.
 10791 | D:9      | Became a worshipper of Gozag Ym Sagoz the Greedy
 11194 | D:6      | Bought an ancient whip for 180 gold pieces
 11194 | D:6      | Identified the +5 whip of a treasure trove {slash, Str+3}
                  | (You bought it in a shop on level 6 of the Dungeon)
 11308 | D:10     | Entered Level 10 of the Dungeon
 12102 | D:10     | Found a staircase to the Orcish Mines.
 12543 | D:10     | Noticed a two-headed ogre
 12556 | D:10     | Killed a two-headed ogre
 12556 | D:10     | Reached XP level 11. HP: 46/87 MP: 11/11
 12778 | D:10     | Noticed a two-headed ogre
 13483 | D:10     | Killed a two-headed ogre
 13483 | D:10     | Reached skill level 10 in Axes
 15767 | D:11     | Reached skill level 5 in Crossbows
 16816 | D:9      | Bought a bloodstained hand crossbow for 272 gold pieces
 16816 | D:9      | Identified the +6 hand crossbow "Xiub" {freeze, rPois} (You
                  | bought it in a shop on level 9 of the Dungeon)
 16972 | D:12     | Noticed a two-headed ogre
 17165 | Orc:1    | Entered Level 1 of the Orcish Mines
 17179 | Orc:1    | Noticed Urug
 17291 | Orc:1    | Killed Urug
 17525 | Orc:1    | Noticed Nergalle
 17527 | Orc:1    | Noticed a spectral orc warlord
 18464 | D:9      | Bought a brightly glowing battleaxe for 368 gold pieces
 18464 | D:9      | Identified the +6 battleaxe "Nealis" {chop, rC+} (You
                  | bought it in a shop on level 9 of the Dungeon)
 18552 | Orc:1    | Noticed Josephine
 18563 | D:10     | Noticed a spectral orc warlord
 18567 | D:10     | Noticed a spectral orc warlord
 18586 | D:10     | Noticed a spectral orc warlord
 18974 | D:10     | Killed Nergalle
 18974 | D:10     | Reached skill level 11 in Axes
 18974 | D:10     | Reached XP level 12. HP: 94/97 MP: 12/12
 19411 | D:10     | Killed Josephine
 19795 | D:10     | Killed from afar by an orc sorcerer

Skill      XL: |  1  2  3  4  5  6  7  8  9 10 11 |
---------------+----------------------------------+-----
Axes           | 2 3 4 6 7 8 9 11 | 11.2
Armour         | 3 4 5 6 7 8 |  8.3
Fighting       | 4 5 6 7 8 9 |  9.9
Crossbows      | 2 4 5 |  5.9
Shields        | |  2.4

Action                   |  1- 3 |  4- 6 |  7- 9 | 10-12 || total
-------------------------+-------+-------+-------+-------++-------
Melee: War axe           |   146 |   256 |   530 |   755 ||  1687
       Whip              |       |       |       |    75 ||    75
 Fire: Hand crossbow     |       |       |    33 |   139 ||   172
Throw: Tomahawk          |       |       |    16 |       ||    16
       Stone             |       |       |     1 |       ||     1
Invok: Call Merchant     |       |       |       |     1 ||     1
Evoke: Wand              |       |       |       |     2 ||     2
  Use: Scroll            |     2 |     6 |     4 |    14 ||    26
 Stab: Distracted        |       |       |       |     3 ||     3
Armor: Scale mail        |    83 |    69 |       |       ||   152
       Plate armour      |       |    57 |   283 |    15 ||   355
       Chain mail        |       |    15 |       |   611 ||   626
Dodge: Dodged            |    88 |    88 |   103 |   347 ||   626
Block: Shield            |    91 |   125 |   232 |   488 ||   936
